 Dungeon Crawl Stone Soup version 0.31-a0-214-gb37851dbb3 (webtiles) character file.

Game seed: 17771423845907602396

6958 qw the Cleaver (level 11, -18/68 HPs)
             Began as a Gargoyle Fighter on June 30, 2023.
             Was a Priest of Okawaru.
             Demolished by Psyche
             ... wielding a +2 dagger of distortion
              (20 damage)
             ... on level 10 of the Dungeon on July 1, 2023.
             The game lasted 00:05:04 (9772 turns).

qw the Cleaver (Gargoyle Fighter)                   Turns: 9772, Time: 00:05:05

Health: -18/68     AC: 30    Str: 23    XL:     11   Next: 7%
Magic:  14/14      EV: 11    Int: 10    God:    Okawaru [***...]
Gold:   223        SH: 10    Dex:  9    Spells: 10/10 levels left

rFire   . . .        v - +4 war axe (freeze)
rCold   . . .        u - +0 kite shield
rNeg    + . .        j - +0 plate armour
rPois   inf          m - +1 helmet
rElec   +            t - scarf {repulsion}
rCorr   .            k - +2 pair of gloves
SInv    .            (no boots)
Will    .....        h - amulet of the acrobat Stlth
                     e - +4 ring of protection
HPRegen 0.31/turn    b - +5 ring of evasion
MPRegen 0.14/turn

%: repel missiles, acrobat
@: no status effects
A: sickness immunity, AC +8, negative energy resistance 1, electricity
resistance, torment resistance 1, petrification resistance
a: Renounce Religion, Heroism


You were on level 10 of the Dungeon.
You worshipped Okawaru.
Okawaru was most pleased with you.
You visited 2 branches of the dungeon, and saw 11 of its levels.

You collected 559 gold pieces.
You spent 336 gold pieces at shops.


Innate Abilities, Weirdness & Mutations

You are immune to sickness and miasma.
Your stone body is resilient. (AC +8)
You are immune to poison.
You resist negative energy. (rN+)
You are resistant to electric shocks. (rElec)
You are resistant to unholy torment.
You are immune to petrification.


   Skills:
 - Level 8.0 Fighting
 - Level 10.1 Axes
 + Level 2.1 Throwing
 - Level 7.2 Armour
 - Level 1.0 Dodging
 - Level 9.0 Shields
 - Level 4.1 Invocations


You had 10 spell levels left.
You didn't know any spells.
Your spell library was empty.

Inventory:

Hand Weapons
 v - a +4 war axe of freezing (weapon)
 w - a +0 flail of protection
Missiles
 f - 2 boomerangs (quivered)
 x - 2 javelins
Armour
 j - a +0 plate armour (worn)
 k - a +2 pair of gloves (worn)
 m - a +1 helmet (worn)
 o - a +1 cloak
 t - a scarf of repulsion (worn)
 u - a +0 kite shield (worn)
 y - the +4 ring mail of Subjectivity {rF- rC+ Regen+}
   (You found it on level 9 of the Dungeon)

   rF:        It makes you vulnerable to fire.
   rC:        It protects you from cold.
   Regen:     It increases your rate of health regeneration.
Jewellery
 b - a +5 ring of evasion (right hand)
 e - a +4 ring of protection (left hand)
 h - an amulet of the acrobat (around neck)
 q - a ring of protection from cold
Scrolls
 a - a scroll of identify
 g - 7 scrolls of teleportation
Potions
 d - 3 potions of might
 l - 2 potions of cancellation
 n - 3 potions of lignification
 p - 4 potions of heal wounds
 r - 4 potions of curing
 s - a potion of haste

Dungeon Overview and Level Annotations

Branches:
Dungeon (10/15)            Temple (1/1) D:6            Lair (0/5) D:10
    Orc: D:9-12

Altars:
Ashenzari
Cheibriados
Dithmenos
Elyvilon
Fedhas
Gozag
Hepliaklqana
Kikubaaqudgha
Makhleb
Nemelex Xobeh
Okawaru
Qazlal
Ru
Sif Muna
Trog
Uskayaw
Vehumet
Wu Jian
Xom
Yredelemnul
Zin
The Shining One

Shops:
D:6 *!   D:9 ?

Annotations:
D:8 2 transporters, qw's ghost, novice GrFi
D:10 Psyche


Message History

You resist.
You closely miss something. Something hits you.
You blink.
You swing at nothing.
You swing at nothing.
You closely miss something.
You hear some strange, mumbled words.
A swirling arc of seething chaos appears!
An arc of chaos appears from out of thin air!
The arc of chaos hits you but does no damage.
You are caught in a web!
You struggle to detach yourself from the web.
Something hits you but does no damage. Space warps around you.
Something hits you but does no damage.
You blink.
You swing at nothing.
You swing at nothing.
You hear some strange, mumbled words.
A swirling arc of seething chaos appears!
An arc of chaos appears from out of thin air!
The arc of chaos hits you but does no damage.
You swing at nothing.
You swing at nothing.
You hit something but do no damage. Something hits you. Space warps around you.
Something hits you but does no damage.
You barely miss something. Something hits you but does no damage.
Space warps horribly around you!!
You hit something. You freeze something. Something hits you.
You hit something. You freeze something. Something hits you but does no damage.
You blink.
You hear some strange, mumbled words.
A swirling arc of seething chaos appears!
An arc of chaos appears from out of thin air!
The arc of chaos hits you.
You swing at nothing.
You swing at nothing.
You swing at nothing.
Something hits you but does no damage. Space warps horribly around you!!
You die...

..##....#..####...#
..#.....##.#......#
..#......#.#......#....###
..'......'.+......#.......
..#......#........#.......
..#......#.>......#..[....
..#......#.#'######.......
..#......#................
..#......#......@.........
.##......'................
.#.......###..............
.#.........#...#######....
.#.........#...# ...
.#.........#...# ..
.#.........#...# #.......#
.#####+#####...# #.......#
...............# #.......#


There were no monsters in sight!

Vanquished Creatures
  A two-headed ogre (D:9)
  Joseph (D:9)
  2 hornets (D:9)
  Sigmund (D:6)
  A shadow (D:9)
  3 wyverns
  8 yaks
  4 steam dragons
  Edmund (D:6)
  A water moccasin (D:3)
  2 orc warriors (D:8)
  A sky beast (D:7)
  A black bear (D:6)
  3 ogres
  2 centaurs
  A phantom (D:4)
  3 kobold brigands
  A bullfrog (D:7)
  2 scorpions
  10 wights
  5 killer bees (D:9)
  2 howler monkeys (D:9)
  2 orc priests
  6 hounds
  3 jellies
  2 gnoll boudas
  3 sleepcaps
  2 iguanas (D:5)
  2 orc wizards
  Robin (D:2)
  8 adders
  13 gnolls
  4 shadow imps
  3 white imps
  2 ufetubi
  A worm (D:3)
  4 dart slugs
  37 orcs
  7 bats
  4 endoplasms
  4 giant cockroaches
  15 goblins
  13 hobgoblins
  2 jackals (D:1)
  19 kobolds
  4 quokkas
  9 ball pythons
  7 frilled lizards
  8 rats
241 creatures vanquished.

Vanquished Creatures (others)
  A gnoll (D:8)
1 creature vanquished.

Grand Total: 242 creatures vanquished

Notes
Turn   | Place    | Note
-------+----------+-------------------------------------------
     0 | D:1      | qw the Gargoyle Fighter began the quest for the Orb.
     0 | D:1      | Reached XP level 1. HP: 14/14 MP: 1/1
     0 | D:1      | 0 ||| qw: Version: 0.3-a-32-g5962c71
     0 | D:1      | 0 ||| qw: Game counter: 7336
     0 | D:1      | 0 ||| qw: Melee chars always use a shield: true
     0 | D:1      | 0 ||| qw: God list: Okawaru
     0 | D:1      | 0 ||| qw: Allow faded altars: false
     0 | D:1      | 0 ||| qw: Do Orc after clearing Dungeon:15 true
     0 | D:1      | 0 ||| qw: Do second Lair branch before Depths: true
     0 | D:1      | 0 ||| qw: Lair rune preference: random
     0 | D:1      | 0 ||| qw: Goals: Normal, Zot:1-4, Slime:5, God:TSO, Crypt,
                  | Tomb, Abyss, Pan, Hells, Win
     0 | D:1      | 0 ||| PLANNING D:1-11
    29 | D:1      | Reached skill level 2 in Axes
    33 | D:1      | 33 ||| Stepping ~*~*~tactically~*~*~ (stealth).
    34 | D:1      | 34 ||| Stepping ~*~*~tactically~*~*~ (stealth).
   114 | D:1      | Reached XP level 2. HP: 9/19 MP: 2/2
   133 | D:1      | 133 ||| Stepping ~*~*~tactically~*~*~ (stealth).
   146 | D:1      | 146 ||| FLEEEEING.
   361 | D:1      | 361 ||| Stepping ~*~*~tactically~*~*~ (stealth).
   368 | D:1      | Reached skill level 3 in Axes
   390 | D:1      | Reached XP level 3. HP: 23/23 MP: 3/3
   862 | D:1      | 862 ||| UPGRADING to +0 plate armour.
   872 | D:1      | 872 ||| DROPPING +0 scale mail.
   873 | D:1      | 873 ||| UPGRADING to amulet of the acrobat.
   878 | D:1      | 878 ||| READING scroll labelled WYAHIA KUFY.
   879 | D:1      | 879 ||| READING scroll labelled OREAFO WINE.
  1219 | D:2      | 1219 ||| Stepping ~*~*~tactically~*~*~ (hiding).
  1393 | D:2      | Noticed Robin
  1405 | D:2      | Killed Robin
  1406 | D:2      | Reached XP level 4. HP: 17/28 MP: 4/4
  1453 | D:2      | 1453 ||| FLEEEEING.
  1486 | D:2      | 1486 ||| DROPPING +0 whip.
  1592 | D:2      | 1592 ||| Stepping ~*~*~tactically~*~*~ (stealth).
  1593 | D:2      | 1593 ||| Stepping ~*~*~tactically~*~*~ (stealth).
  1716 | D:2      | 1716 ||| Stepping ~*~*~tactically~*~*~ (hiding).
  1732 | D:2      | Reached skill level 4 in Axes
  2025 | D:2      | 2025 ||| UPGRADING to +0 pair of gloves.
  2030 | D:2      | 2030 ||| UPGRADING to +0 helmet.
  2035 | D:2      | 2035 ||| READING scroll labelled TAGIEQO ZUFIU.
  2036 | D:2      | 2036 ||| READING scroll labelled IJYTTE XAPIH.
  2037 | D:2      | 2037 ||| READING scroll labelled FUPYKK FEMIR.
  2072 | D:3      | 2072 ||| FLEEEEING.
  2073 | D:3      | 2073 ||| FLEEEEING.
  2074 | D:3      | 2074 ||| FLEEEEING.
  2075 | D:3      | 2075 ||| STAIRDANCE
  2419 | D:3      | Reached skill level 1 in Throwing
  2443 | D:3      | 2443 ||| DROPPING +0 mace.
  2447 | D:3      | 2447 ||| Stepping ~*~*~tactically~*~*~ (stealth).
  2459 | D:3      | Reached XP level 5. HP: 32/32 MP: 5/5
  2486 | D:3      | Noticed a water moccasin
  2495 | D:3      | Killed a water moccasin
  2496 | D:3      | Reached skill level 5 in Axes
  2496 | D:3      | Reached XP level 6. HP: 16/37 MP: 6/6
  2755 | D:3      | 2755 ||| UPGRADING to +1 cloak.
  2760 | D:3      | 2760 ||| DROPPING orb of energy.
  2761 | D:3      | 2761 ||| READING scroll labelled WOL KUWAMIF.
  2790 | D:4      | 2790 ||| Stepping ~*~*~tactically~*~*~ (stealth).
  2794 | D:4      | 2794 ||| Stepping ~*~*~tactically~*~*~ (stealth).
  2795 | D:4      | 2795 ||| Stepping ~*~*~tactically~*~*~ (stealth).
  2796 | D:4      | 2796 ||| Stepping ~*~*~tactically~*~*~ (stealth).
  2797 | D:4      | 2797 ||| Stepping ~*~*~tactically~*~*~ (stealth).
  2952 | D:4      | 2952 ||| Stepping ~*~*~tactically~*~*~ (stealth).
  2953 | D:4      | 2953 ||| Stepping ~*~*~tactically~*~*~ (stealth).
  3308 | D:4      | Reached skill level 6 in Axes
  3308 | D:4      | Reached XP level 7. HP: 30/43 MP: 7/7
  3382 | D:4      | Found a basalt altar of Yredelemnul.
  3539 | D:4      | 3539 ||| DRINKING 3 white potions.
  3540 | D:4      | 3540 ||| READING 2 scrolls of identify.
  3540 | D:4      | 3540 ||| IDENTIFYING smoky pink potion
  3541 | D:4      | 3541 ||| DROPPING potion of ambrosia.
  3569 | D:5      | Entered Level 5 of the Dungeon
  3655 | D:5      | 3655 ||| STAIRDANCE
  3673 | D:4      | 3673 ||| UPGRADING to +4 ring of protection.
  4056 | D:5      | Found a bloodstained altar of Trog.
  4175 | D:5      | Found an opulent altar of Gozag.
  4225 | D:5      | Reached skill level 7 in Axes
  4357 | D:5      | Found a snail-covered altar of Cheibriados.
  4368 | D:5      | Found a glowing silver altar of Zin.
  4403 | D:5      | 4403 ||| READING 2 scrolls labelled FEANAI COHO.
  4404 | D:5      | 4404 ||| READING 2 scrolls of identify.
  4404 | D:5      | 4404 ||| IDENTIFYING metallic clear potion
  4405 | D:5      | 4405 ||| DROPPING potion of brilliance.
  4406 | D:5      | 4406 ||| DROPPING scroll of amnesia.
  4467 | D:6      | Found a staircase to the Ecumenical Temple.
  4468 | D:6      | 4468 ||| PLANNING TEMPLE
  4489 | Temple   | Entered the Ecumenical Temple
  4643 | Temple   | 4643 ||| PLANNING OKAWARU WORSHIP
  4928 | Temple   | Became a worshipper of Warmaster Okawaru
  4929 | Temple   | 4929 ||| PLANNING D:1-11
  5043 | D:6      | Reached XP level 8. HP: 28/49 MP: 8/8
  5208 | D:6      | 5208 ||| Stepping ~*~*~tactically~*~*~ (stealth).
  5361 | D:6      | Found a blossoming altar of Fedhas.
  5365 | D:6      | Reached skill level 1 in Dodging
  5417 | D:6      | Reached * piety under Okawaru
  5428 | D:6      | 5428 ||| Stepping ~*~*~tactically~*~*~ (hiding).
  5504 | D:6      | Reached skill level 1 in Invocations
  5516 | D:6      | 5516 ||| INVOKING Heroism.
  5575 | D:6      | 5575 ||| DROPPING +0 flail.
  5617 | D:6      | 5617 ||| INVOKING Heroism.
  5643 | D:6      | Found Unkaosmy's Distillery.
  5655 | D:6      | 5655 ||| BUYING potion of cancellation (96 gold).
  5655 | D:6      | Bought a potion of cancellation for 96 gold pieces
  5655 | D:6      | 5655 ||| BUYING potion of curing (36 gold).
  5655 | D:6      | Bought a potion of curing for 36 gold pieces
  5655 | D:6      | 5655 ||| BUYING potion of curing (36 gold).
  5655 | D:6      | Bought a potion of curing for 36 gold pieces
  5655 | D:6      | 5655 ||| BUYING potion of lignification (36 gold).
  5655 | D:6      | Bought a potion of lignification for 36 gold pieces
  5655 | D:6      | 5655 ||| BUYING potion of might (48 gold).
  5655 | D:6      | Bought a potion of might for 48 gold pieces
  5655 | D:6      | 5655 ||| SHOPLISTING potion of mutation (96 gold, have 58).
  5655 | D:6      | 5655 ||| SHOPLISTING potion of resistance (120 gold, have
                  | 58).
  5726 | D:6      | 5726 ||| INVOKING Heroism.
  5835 | D:6      | Found a shadowy altar of Dithmenos.
  6000 | D:6      | Noticed Sigmund
  6001 | D:6      | 6001 ||| Stepping ~*~*~tactically~*~*~ (hiding).
  6011 | D:6      | Killed Sigmund
  6012 | D:6      | Reached skill level 8 in Axes
  6012 | D:6      | Reached XP level 9. HP: 54/54 MP: 10/10
  6026 | D:6      | Noticed Edmund
  6027 | D:6      | 6027 ||| INVOKING Heroism.
  6047 | D:6      | 6047 ||| INVOKING Heroism.
  6050 | D:6      | Killed Edmund
  6068 | D:6      | 6068 ||| DROPPING +5 flail.
  6083 | D:6      | 6083 ||| Stepping ~*~*~tactically~*~*~ (hiding).
  6088 | D:6      | Reached skill level 6 in Fighting
  6222 | D:6      | Found Uge Bubro's General Store.
  6239 | D:6      | 6239 ||| SHOPLISTING potion of resistance (110 gold, have
                  | 70).
  6338 | D:6      | 6338 ||| UPGRADING to scarf of repulsion.
  6348 | D:6      | 6348 ||| READING 4 scrolls labelled YSHREE ARCHUAFOZ.
  6349 | D:6      | 6349 ||| READING 3 scrolls labelled YLU CIBBIDEAW.
  6350 | D:6      | 6350 ||| READING 2 scrolls of enchant armour.
  6350 | D:6      | 6350 ||| ENCHANTING +0 pair of gloves.
  6351 | D:6      | 6351 ||| READING scroll of enchant armour.
  6351 | D:6      | 6351 ||| ENCHANTING +1 pair of gloves.
  6352 | D:6      | 6352 ||| DROPPING 3 scrolls of vulnerability.
  6390 | D:7      | 6390 ||| INVOKING Heroism.
  6394 | D:7      | 6394 ||| Stepping ~*~*~tactically~*~*~ (cloud).
  6461 | D:7      | 6461 ||| Stepping ~*~*~tactically~*~*~ (stealth).
  6462 | D:7      | 6462 ||| Stepping ~*~*~tactically~*~*~ (stealth).
  6464 | D:7      | 6464 ||| Stepping ~*~*~tactically~*~*~ (stealth).
  6566 | D:7      | 6566 ||| Stepping ~*~*~tactically~*~*~ (hiding).
  6968 | D:7      | 6968 ||| Stepping ~*~*~tactically~*~*~ (cloud).
  6969 | D:7      | 6969 ||| INVOKING Heroism.
  6976 | D:7      | Reached skill level 9 in Axes
  6976 | D:7      | Reached skill level 3 in Invocations
  7122 | D:7      | 7122 ||| Stepping ~*~*~tactically~*~*~ (hiding).
  7231 | D:7      | 7231 ||| UPGRADING to +0 kite shield.
  7241 | D:7      | 7241 ||| DROPPING +0 buckler.
  7242 | D:7      | 7242 ||| UPGRADING to +5 ring of evasion.
  7243 | D:7      | 7243 ||| READING scroll labelled FOTA COYDAV.
  7244 | D:7      | 7244 ||| READING scroll labelled RILOTA LEBLYGI.
  7280 | D:7      | 7280 ||| READING scroll labelled YTHREP DER VAWN.
  7342 | D:8      | Found a bloodstained altar of Trog.
  7350 | D:8      | Found a transporter.
  7353 | D:8      | Noticed qw's ghost (novice GrFi)
  7354 | D:8      | Noticed a moth of wrath
  7361 | D:8      | 7361 ||| INVOKING Heroism.
  7382 | D:8      | 7382 ||| INVOKING Heroism.
  7531 | D:8      | 7531 ||| INVOKING Heroism.
  7610 | D:8      | You fall into a shaft and drop 2 floors!
  7610 | D:10     | Entered Level 10 of the Dungeon
  7640 | D:10     | 7640 ||| READING 2 scrolls of identify.
  7640 | D:10     | 7640 ||| IDENTIFYING fuming yellow potion
  7641 | D:10     | 7641 ||| DROPPING potion of degeneration.
  7664 | D:9      | Noticed a two-headed ogre
  7665 | D:9      | 7665 ||| INVOKING Heroism.
  7671 | D:9      | Killed a two-headed ogre
  7672 | D:9      | Reached XP level 10. HP: 60/60 MP: 11/13
  7697 | D:8      | 7697 ||| Stepping ~*~*~tactically~*~*~ (hiding).
  7698 | D:8      | 7698 ||| Stepping ~*~*~tactically~*~*~ (hiding).
  7699 | D:8      | 7699 ||| Stepping ~*~*~tactically~*~*~ (hiding).
  7700 | D:8      | 7700 ||| Stepping ~*~*~tactically~*~*~ (hiding).
  7809 | D:8      | 7809 ||| Stepping ~*~*~tactically~*~*~ (hiding).
  7813 | D:8      | 7813 ||| Stepping ~*~*~tactically~*~*~ (hiding).
  7844 | D:8      | 7844 ||| Stepping ~*~*~tactically~*~*~ (hiding).
  7958 | D:8      | 7958 ||| Stepping ~*~*~tactically~*~*~ (hiding).
  8076 | D:8      | Reached ** piety under Okawaru
  8146 | D:8      | 8146 ||| READING scroll of enchant armour.
  8146 | D:8      | 8146 ||| ENCHANTING +0 helmet.
  8156 | D:8      | Found an ancient bone altar of Kikubaaqudgha.
  8179 | D:8      | Reached skill level 6 in Armour
  8259 | D:8      | 8259 ||| INVOKING Heroism.
  8400 | D:8      | Found a transporter.
  8458 | D:8      | Found a shimmering blue altar of Sif Muna.
  8464 | D:8      | Found a shimmering altar of Xom.
  8555 | D:8      | 8555 ||| READING scroll labelled ILUNOT JOILU.
  8628 | D:9      | Found Coass's Magic Scroll Shoppe.
  8630 | D:9      | Noticed Joseph
  8631 | D:9      | 8631 ||| FLEEEEING.
  8641 | D:9      | 8641 ||| STAIRDANCE
  8686 | D:9      | Killed Joseph
  8718 | D:9      | 8718 ||| SHOPLISTING 3 scrolls of enchant weapon (315 gold,
                  | have 268).
  8718 | D:9      | 8718 ||| BUYING scroll of teleportation (42 gold).
  8718 | D:9      | Bought a scroll of teleportation for 42 gold pieces
  8718 | D:9      | 8718 ||| BUYING scroll of teleportation (42 gold).
  8718 | D:9      | Bought a scroll of teleportation for 42 gold pieces
  8748 | D:9      | 8748 ||| INVOKING Heroism.
  8751 | D:9      | Reached skill level 9 in Shields
  8887 | D:9      | 8887 ||| INVOKING Heroism.
  9051 | D:9      | Reached *** piety under Okawaru
  9261 | D:9      | Reached skill level 10 in Axes
  9343 | D:9      | 9343 ||| SWAPPING to +3 war axe of freezing.
  9344 | D:9      | 9344 ||| DROPPING +1 war axe.
  9350 | D:9      | 9350 ||| READING scroll of enchant weapon.
  9350 | D:9      | 9350 ||| ENCHANTING +3 war axe of freezing.
  9449 | D:9      | 9449 ||| Stepping ~*~*~tactically~*~*~ (stealth).
  9452 | D:9      | 9452 ||| Stepping ~*~*~tactically~*~*~ (stealth).
  9470 | D:9      | Reached XP level 11. HP: 65/68 MP: 14/14
  9547 | D:9      | Identified the +4 ring mail of Subjectivity {rF- rC+
                  | Regen+}
  9645 | D:9      | 9645 ||| DROPPING scarf of invisibility.
  9646 | D:9      | 9646 ||| DROPPING scarf of repulsion.
  9647 | D:9      | 9647 ||| READING 2 scrolls of identify.
  9647 | D:9      | 9647 ||| IDENTIFYING blue potion
  9723 | D:10     | Found a staircase to the Lair.
  9746 | D:10     | Noticed Psyche
  9767 | D:10     | HP: 8/68 [something (21)]
  9769 | D:10     | HP: 1/68 [something/chain of chaos (3)]
  9772 | D:10     | Demolished by Psyche

Levels and vault maps discovered:
D:1:      eino_arrival_tree_alley, layout_basic, minmay_cupped
D:2:      layout_basic, uniq_robin
D:3:      layout_loops_ring, minmay_cut_off
D:4:      layout_rooms, general_overflow_altar, kennysheep_generic_room_6
D:5:      layout_gridville, mainiacjoe_overflow_tiny_flanked,
          mainiacjoe_overflow_surrounded_room, amethyst_overflow_temple_binary,
          kennysheep_path_1, hangedman_decor_clover_reticule,
          kennysheep_flooded_box
D:6:      layout_cave_pods, grunt_dithmenos_shadows, lemuel_crystal_altar,
          minmay_temple_entry_glass, serial_shops, shop,
          nicolae_shop_pleasant_corner_grove, sigmund_edmund_badplayer
D:7:      layout_loops_ring
D:8:      layout_gridville, nicolae_kikubaaqudgha_miasma_corner, minitemple,
          special_room [special_room_orc], gammafunk_ghost_wrathful_warriors,
          minmay_fractal_squares_diagonal_5
D:9:      layout_irregular_city, serial_shops, shop, uniq_joseph
D:10:     layout_irregular_city, lair_entry_dummy, serial_rivers,
          chequers_serial_rivers_small_b, chequers_serial_rivers_large_b,
          chequers_serial_rivers_room_b, chequers_serial_rivers_micro_b,
          uniq_psyche
Temple:   hc_temple_tempest_star

Skill      XL: |  1  2  3  4  5  6  7  8  9 10 11 |
---------------+----------------------------------+-----
Axes           | 2 3 4 5 6 7 8 9 10 | 10.1
Throwing       | 1 2 |  2.1
Fighting       | 4 5 6 8 |  8.0
Armour         | 4 5 6 7 |  7.2
Dodging        | 1 |  1.0
Invocations    | 2 4 |  4.1
Shields        | 7 9 |  9.0

Action                     |  1- 3 |  4- 6 |  7- 9 | 10-12 || total
---------------------------+-------+-------+-------+-------++-------
  Melee: War axe           |   116 |   159 |   307 |   250 ||   832
  Throw: Javelin           |       |    33 |    36 |     6 ||    75
         Boomerang         |       |       |     6 |    31 ||    37
 Invoke: Heroism           |       |       |    11 |     3 ||    14
    Use: Scroll            |     2 |     4 |    11 |     4 ||    21
         Potion            |       |       |     1 |       ||     1
 Armour: Scale mail        |    45 |       |       |       ||    45
         Plate armour      |    18 |   109 |   257 |   124 ||   508
  Dodge: Dodged            |    64 |    36 |   111 |   107 ||   318
         Repelled          |       |       |     2 |       ||     2
  Block: Buckler           |    19 |    27 |    51 |       ||    97
         Kite shield       |       |       |    32 |   137 ||   169

Table legend:
 A = Non-vault XP
 B = Vault XP
 C = Vault XP percentage of total XP
 D = Non-vault monster count
 E = Vault monster count
 F = Vault count percentage of total count
                 A         B        C        D         E       F
            +---------+---------+-------+---------+---------+-------
      Total |    8070 |    1870 |  18.8 |     190 |      52 |  21.5
            +---------+---------+-------+---------+---------+-------
        D:1 |      44 |       1 |   2.2 |      27 |       1 |   3.6
        D:2 |      29 |      35 |  54.7 |      18 |      11 |  37.9
        D:3 |     212 |      17 |   7.4 |      19 |       3 |  13.6
        D:4 |     414 |       6 |   1.4 |      23 |       3 |  11.5
        D:5 |     275 |       0 |   0.0 |      11 |       0 |   0.0
        D:6 |    1232 |     427 |  25.7 |      30 |       3 |   9.1
        D:7 |     654 |       0 |   0.0 |       9 |       0 |   0.0
        D:8 |    1276 |     945 |  42.5 |      22 |      30 |  57.7
        D:9 |    3934 |     439 |  10.0 |      31 |       1 |   3.1
            +---------+---------+-------+---------+---------+-------
